 Dungeon Crawl Stone Soup version 0.22.1-1-ga44c0e56f4 (webtiles) character file.

35 Knicklaso the Magician (level 3, -1/21 HPs)
             Began as a Halfling Wizard on Sept 29, 2018.
             Slain by a gnoll
             ... wielding a +0 whip
              (10 damage)
             ... on level 1 of the Dungeon.
             The game lasted 00:06:06 (1777 turns).

Knicklaso the Magician (Halfling Wizard)            Turns: 1777, Time: 00:06:06

Health: -1/21      AC:  2    Str:  8    XL:     3   Next: 55%
Magic:  7/7        EV: 14    Int: 17    God:
Gold:   46         SH:  0    Dex: 12    Spells: 4/7 levels left

rFire    . . .     SeeInvis .   a - +2 whip (flame)
rCold    . . .     Gourm    .   (shield restricted)
rNeg     . . .     Faith    .   h - +0 robe
rPois    .         Spirit   .   j - +0 hat
rElec    .         Reflect  .   (no cloak)
rCorr    .         Harm     .   (no gloves)
MR       .....                  (no boots)
Stlth    ++........             (no amulet)
HPRegen  0.07/turn              (no ring)
MPRegen  0.10/turn              (no ring)

@: no status effects
A: small, mutation resistance 1
a: no special abilities


You were on level 1 of the Dungeon.
You were not hungry.

You visited 1 branch of the dungeon, and saw 2 of its levels.

You collected 46 gold pieces.

Inventory:

Hand Weapons
 a - a +2 whip of flaming (weapon)
 b - a +0 hunting sling
 l - a +0 dagger
Missiles
 c - 49 stones (quivered)
 k - 18 poisoned needles
Armour
 h - a +0 robe (worn)
 j - a +0 hat (worn)
Scrolls
 f - 2 scrolls of remove curse {unknown}
Potions
 e - a potion of lignification {unknown}
 g - a potion of mutation {unknown}
Comestibles
 d - 3 rations
 i - 2 chunks of flesh


   Skills:
 + Level 0.4 Slings
 - Level 2.1 Dodging
 - Level 2.1 Stealth
 + Level 2.7 Spellcasting
 * Level 2.1 Conjurations
 - Level 0.7 Summonings
   Level 1.1 Translocations


You had 4 spell levels left.
You knew the following spells:

 Your Spells              Type           Power        Failure   Level  Hunger
a - Magic Dart            Conj           #...         8%          1    #......
b - Call Imp              Summ           #.......     21%         2    ##.....

Your spell library contained the following spells:

 Spells                   Type           Power        Failure   Level  Hunger
 Blink                    Tloc           N/A          17%         2    ##.....
 Slow                     Hex            #.......     26%         2    ##.....
 Conjure Flame            Conj/Fire      #.......     34%         3    ###....
 Mephitic Cloud           Conj/Pois/Air  #.......     38%         3    ###....


Dungeon Overview and Level Annotations

Branches:
Dungeon (2/15)

Altars:


Innate Abilities, Weirdness & Mutations

You are small and have problems with some larger weapons.
You are somewhat resistant to further mutation.


Message History

A leopard gecko and 2 gnolls come into view.
The gnoll shouts!
Found a smoky red potion.
Found a stone staircase leading up.
There is a stone staircase leading up here.
The jackal bites you. The gnoll hits you but does no damage.
The jackal bites you.
You climb upwards.
There is a stone staircase leading down here.
You barely miss the gnoll. The jackal barely misses you.
The gnoll closely misses you.
You closely miss the jackal. The jackal barely misses you.
The gnoll closely misses you. The jackal misses you.
You barely miss the jackal. The jackal completely misses you.
The gnoll completely misses you.
The jackal bites you but does no damage.
You miss the jackal. The gnoll misses you. The jackal closely misses you.
You hit the jackal. You burn the jackal.
You kill the jackal!
The gnoll hits you with a whip! x2
You die...

#....#### #.# ###..
#....########.# ##....
###......>....#
##..... #...........#
#...... #...........#
#......
#...........####......
#.....................
#.....g....#####......
#....@.....# ##.....
#.....†....# ##....
#..........# #####
#..........#
############


You could see a gnoll.

Vanquished Creatures
  A dart slug (D:2)
  A leopard gecko (D:1)
  A ball python (D:1)
  A giant cockroach (D:1)
  5 goblins (D:1)
  2 hobgoblins (D:1)
  6 jackals (D:1)
  3 bats (D:1)
  3 frilled lizards (D:1)
  5 kobolds
  A rat (D:1)
29 creatures vanquished.

Notes
Turn   | Place    | Note
-------+----------+-------------------------------------------
     0 | D:1      | Knicklaso the Halfling Wizard began the quest for the Orb.
     0 | D:1      | Reached XP level 1. HP: 11/11 MP: 3/3
    70 | D:1      | Reached skill level 1 in Conjurations
   579 | D:1      | Reached XP level 2. HP: 17/17 MP: 1/5
  1106 | D:1      | Reached XP level 3. HP: 20/21 MP: 0/7
  1428 | D:1      | Learned a level 2 spell: Call Imp
  1777 | D:1      | Slain by a gnoll

Skill      XL: |  1  2  3 |
---------------+----------+-----
Conjurations   | 1 2 |  2.1
Slings         | |  0.4
Dodging        | |  2.1
Stealth        | |  2.1
Spellcasting   | |  2.7
Summonings     | |  0.7
Translocations | |  1.1

Action                   || total
-------------------------++-------
Melee: Unarmed           ||    27
       Whip              ||     7
       Dagger            ||     3
 Fire: Hunting sling     ||    21
 Cast: Magic Dart        ||    61
  Eat: Chunk             ||     3
Armor: Robe              ||    10
Dodge: Dodged            ||    65
